 Dungeon Sprint DCSS version 0.27.0-66-gdc8fb28755 (webtiles) character file.

Game seed: 11808246764169021841

2665 ABBCCCDDDD the Grappler (level 9, -4/100 HPs)
             Began as a Troll Fighter on Aug 19, 2021.
             Was an Elder of Trog.
             Slain by a redback (14 damage)
             ... in the Dungeon (Sprint III: "The Ten Rune Challenge").
             The game lasted 00:02:14 (596 turns).

ABBCCCDDDD the Grappler (Troll Fighter)              Turns: 596, Time: 00:02:14

Health: -4/100     AC:  4    Str: 29    XL:     9   Next: 36%
Magic:  8/8        EV: 12    Int:  4    God:    Trog [****..]
Gold:   46         SH: 12    Dex:  9    Spells: 8/8 levels left

rFire    . . .     SeeInvis .     - Unarmed
rCold    . . .     Faith    .   b - +0 kite shield
rNeg     . . .     Spirit   .   a - +0 robe
rPois    .         Reflect  .   (helmet restricted)
rElec    .         Harm     .   (no cloak)
rCorr    .         Rampage  .   (gloves unavailable)
Will     .....     Clarity  +   (boots unavailable) Stlth +.........NoTele +
                                (no amulet)
HPRegen  1.26/turn              (no ring)
MPRegen  0.11/turn              (no ring)

@: lethally poisoned (-4 -> -17), on berserk cooldown, slowed, very slow
A: large, unfitting armour, claws 3, regeneration 1, shaggy fur 1, tough skin 1,
clarity, MP-powered wands
a: Renounce Religion, Berserk, Trog's Hand, Brothers in Arms


You were in the Dungeon.
You worshipped Trog.
Trog was greatly pleased with you.
You visited 1 branch You collected 46 gold pieces.

Inventory:

Armour
 a - a +0 robe (worn)
 b - a +0 kite shield (worn)
Wands
 j - a wand of flame (14)
Scrolls
 i - a scroll of blinking
 l - a scroll of immolation {unknown}
 m - 4 scrolls of identify
 o - a scroll of torment {unknown}
Potions
 c - a potion of might
 f - a potion of haste
 g - 2 potions of magic
 k - 2 potions of mutation
 n - 2 potions of flight {unknown}
 p - a potion of degeneration {unknown}


   Skills:
 + Level 9.6 Fighting
 + Level 9.6 Dodging
 + Level 9.6 Shields
 + Level 11.1 Unarmed Combat


You had 8 spell levels left.
You didn't know any spells.
Your spell library was empty.

Dungeon Overview and Level Annotations

Branches:
Dungeon (1/1)

Altars:
Cheibriados
Dithmenos
Elyvilon
Fedhas
Gozag
Hepliaklqana
Kikubaaqudgha
Makhleb
Nemelex Xobeh
Okawaru
Qazlal
Ru
Sif Muna
Trog
Uskayaw
Vehumet
Wu Jian
Xom
Yredelemnul
Zin
The Shining One
Beogh
Jiyva
Lugonu


Innate Abilities, Weirdness & Mutations

You are too large for most types of armour.
You have claws for hands.
Your natural rate of healing is unusually fast.
You are covered in fur. (AC +1)
You have tough skin. (AC +1)
You possess an exceptional clarity of mind.
You expend magic power (3 MP) to strengthen your wands.


Message History

The redback is severely wounded.
You block the redback's attack. The redback bites you!
You are poisoned.
The redback poisons you!
You closely miss the redback.
The redback is severely wounded.
You feel extremely sick. The redback misses you. The redback bites you!
You are lethally poisoned!
The redback poisons you!
You feel better. The redback bites you!
You are poisoned.
The redback poisons you! You block the redback's attack.
You claw the redback!
The redback is almost dead.
You feel extremely sick. The redback barely misses you. x2
You closely miss the redback.
The redback is almost dead.
You feel very sick. The redback bites you!
* * * LOW HITPOINT WARNING * * *
The redback barely misses you.
You feel better. You block the redback's attack. The redback bites you!
* * * LOW HITPOINT WARNING * * *
You are lethally poisoned!
The redback poisons you!
It was a potion of mutation.
You feel extremely strange.
Your thoughts seem clearer.
You feel your magical essence link to the dungeon's wands.
* * * LOW HITPOINT WARNING * * *
You feel extremely sick. The redback bites you.
* * * LOW HITPOINT WARNING * * *
You block the redback's attack.
You feel much better.
* * * LOW HITPOINT WARNING * * *
You feel extremely sick. The redback bites you!
You die...

###### __#__# _)#._#
###)## .....# .....#
####'#
_#...#+##############
_#...#....#.#.#.@ss.#
_#...##.#).#.##.###.#
_#...'##)#.#.##)#.)##
_'...#..)#..#..##..'.^....
▓▓▓▓▓▓▓▓▓▓▓▓▓▓▓▓▓▓▓#....s.
.^.^s. .^... ..... ####


You could see 2 redbacks.

Levels and vault maps discovered:
D:        dungeon_sprint_mu [sprint_mu_entry_cave, sprint_mu_temple_rooms,
          sprint_mu_d1_spiders, sprint_mu_d2_genie, sprint_mu_d3_branching,
          sprint_mu_orc_legion, sprint_mu_elf_gauntlet, sprint_mu_hive_nellie,
          sprint_mu_lair_fedhas, sprint_mu_vaults_butterflies,
          sprint_mu_slime_circle, sprint_mu_swamp_cave, sprint_mu_snake_twists,
          sprint_mu_blade_basic, sprint_mu_crypt_lich, sprint_mu_tomb_spiral,
          sprint_mu_vestibule_basic, sprint_mu_gehenna_hellfire,
          sprint_mu_dis_giant, sprint_mu_tartarus_statrot,
          sprint_mu_cocytus_islands, sprint_mu_zot1]

Notes
Turn   | Place    | Note
-------+----------+-------------------------------------------
     0 | D        | ABBCCCDDDD the Troll Fighter began the quest for the Orb.
     0 | D        | Reached XP level 1. HP: 22/22 MP: 0/0
    36 | D        | Noticed Jessica
    44 | D        | Killed Jessica
    45 | D        | Reached skill level 3 in Unarmed Combat
    45 | D        | Reached XP level 2. HP: 18/31 MP: 1/1
    67 | D        | Reached XP level 3. HP: 39/39 MP: 2/2
    85 | D        | Reached skill level 4 in Unarmed Combat
   108 | D        | Noticed a water elemental
   112 | D        | Killed a water elemental
   113 | D        | Reached skill level 5 in Unarmed Combat
   113 | D        | Reached XP level 4. HP: 49/49 MP: 3/3
   124 | D        | Noticed a shadow
   130 | D        | Reached XP level 5. HP: 46/55 MP: 4/4
   144 | D        | Killed a shadow
   145 | D        | Reached skill level 5 in Fighting
   145 | D        | Reached skill level 5 in Dodging
   145 | D        | Reached skill level 5 in Shields
   145 | D        | Reached skill level 6 in Unarmed Combat
   145 | D        | Reached XP level 6. HP: 28/67 MP: 5/5
   182 | D        | Found a blossoming altar of Fedhas.
   182 | D        | Found a stormy altar of Qazlal.
   183 | D        | Found a snail-covered altar of Cheibriados.
   183 | D        | Found a burning altar of Makhleb.
   183 | D        | Found a hazy altar of Hepliaklqana.
   183 | D        | Found a shimmering altar of Xom.
   183 | D        | Found an opulent altar of Gozag.
   183 | D        | Found a sparkling altar of Nemelex Xobeh.
   183 | D        | Found a corrupted altar of Lugonu.
   183 | D        | Found a viscous altar of Jiyva.
   183 | D        | Noticed a spatial vortex
   187 | D        | Killed a spatial vortex
   188 | D        | Reached skill level 7 in Unarmed Combat
   198 | D        | Found a hide-covered altar of Uskayaw.
   198 | D        | Found an iron altar of Okawaru.
   199 | D        | Found a bloodstained altar of Trog.
   199 | D        | Found an ornate altar of the Wu Jian Council.
   199 | D        | Noticed a human
   199 | D        | Noticed a human
   204 | D        | Killed a human
   205 | D        | Reached XP level 7. HP: 76/76 MP: 6/6
   212 | D        | Killed a human
   213 | D        | Reached skill level 8 in Unarmed Combat
   255 | D        | Became a worshipper of Trog the Wrathful
   259 | D        | Found a glowing silver altar of Zin.
   259 | D        | Found a glowing golden altar of the Shining One.
   259 | D        | Found a white marble altar of Elyvilon.
   259 | D        | Noticed a deep elf pyromancer
   272 | D        | Killed a deep elf pyromancer
   273 | D        | Reached skill level 9 in Unarmed Combat
   273 | D        | Reached XP level 8. HP: 71/88 MP: 7/7
   396 | D        | Found a radiant altar of Vehumet.
   397 | D        | Found a shimmering blue altar of Sif Muna.
   397 | D        | Found an ancient bone altar of Kikubaaqudgha.
   400 | D        | Reached * piety under Trog
   416 | D        | Found a basalt altar of Yredelemnul.
   416 | D        | Found a shadowy altar of Dithmenos.
   416 | D        | Found a sacrificial altar of Ru.
   422 | D        | Reached ** piety under Trog
   473 | D        | Reached *** piety under Trog
   521 | D        | Noticed a two-headed ogre
   526 | D        | Killed a two-headed ogre
   527 | D        | Reached skill level 10 in Unarmed Combat
   569 | D        | Noticed a two-headed ogre
   569 | D        | Noticed Erolcha
   575 | D        | Killed Erolcha
   575 | D        | Reached **** piety under Trog
   576 | D        | Reached XP level 9. HP: 100/100 MP: 8/8
   580 | D        | Killed a two-headed ogre
   581 | D        | Reached skill level 11 in Unarmed Combat
   595 | D        | Gained mutation: You possess an exceptional clarity of
                  | mind. [potion of mutation]
   595 | D        | Gained mutation: You expend magic power (3 MP) to
                  | strengthen your wands. [potion of mutation]
   595 | D        | HP: 5/100 [redback (5)]
   596 | D        | Slain by a redback

Table legend: (Time is in decaauts)
 A = Elapsed time spent in this place.
 B = Non-inter-level travel time spent in this place.
 C = Inter-level travel time spent in this place.
 D = Time resting spent in this place.
 E = Time spent auto-exploring this place.
 F = Levels seen in this place.
 G = Mean time per level.
                   A        B        C        D        E       F      G
               +--------+--------+--------+--------+--------+-----+--------+
         Total |    623 |    623 |      0 |    339 |     40 |   1 |  623.0 |
       Dungeon |    623 |    623 |      0 |    339 |     40 |   1 |  623.0 |
               +--------+--------+--------+--------+--------+-----+--------+

Top non-repeatable levels by time:
       D: 623 daAuts

Table legend:
 A = Kills in this place as a percentage of kills in entire the game.
 B = Kills by you in this place as a percentage of kills by you in the entire game.
 C = Kills by friends in this place as a percentage of kills by friends in the entire game.
 D = Other kills in this place as a percentage of other kills in the entire game.
 E = Experience gained in this place as a percentage of experience gained in the entire game.
 F = Experience gained in this place divided by the number of levels of this place that you have seen.
                   A       B       C       D       E      F
               +-------+-------+-------+-------+-------+----------------------
         Total | 100.0 | 100.0 |   N/A |   N/A | 100.0 | 3808.0
       Dungeon | 100.0 | 100.0 |   N/A |   N/A | 100.0 | 3808.0
               +-------+-------+-------+-------+-------+----------------------

Action                   |  1- 3 |  4- 6 |  7- 9 || total
-------------------------+-------+-------+-------++-------
Melee: Unarmed           |    34 |    26 |    56 ||   116
Invok: Berserk           |       |       |     4 ||     4
  Use: Potion            |       |     1 |     4 ||     5
Armor: Robe              |     2 |     1 |       ||     3
Dodge: Dodged            |     8 |     3 |    18 ||    29
Block: Kite shield       |    11 |     7 |    14 ||    32

Vanquished Creatures
  Erolcha (D)
  A deep elf pyromancer (D)
  A shadow (D)
  A spatial vortex (D)
  A necrophage (D)
  5 two-headed ogres (D)
  A water elemental (D)
  A jelly (D)
  Jessica (D)
  A necromancer (D)
  A wizard (D)
  3 humans (D)
  A kobold demonologist (D)
  A wolf (D)
  3 rats (D)
23 creatures vanquished.

Vanquished Creatures (others)
  6 plants (D)
6 creatures vanquished.

Grand Total: 29 creatures vanquished
